HSSL
MASCONOMET HS CHIEFTANS @ SHELBY HS ROCKETS
05/28/2025
 
TOP OF THE 1ST
Masconomet HS Chieftans batting - Pitching for Shelby HS Rockets : RHP Matt Barlow
Pitching: RHP Matt Barlow
Batting: RHB Ryan Beck 0-0: Foul Ball, location: 2F
0-1: SINGLE (Line Drive, 6D)
Batting: RHB Tyler Robinson 0-0: Called Strike
0-1: Fielders Choice at 2nd, 6-4 (Groundball, 56)
Batting: LHB Aaron Atkins 0-0: Ball
1-0: Called Strike
1-1: Ball
2-1: Called Strike
2-2: Strikes out swinging
Batting: RHB Clancy Castro 0-0: Ball
Tyler Robinson is caught stealing 2nd base
Top of the 1st over - 0 run(s), 1 hit(s), 0 error(s), 0 left on base; Masconomet HS 0 - Shelby HS 0
BOTTOM OF THE 1ST
Shelby HS Rockets batting - Pitching for Masconomet HS Chieftans : LHP Clarence Gill
Pitching: LHP Clarence Gill
Batting: LHB Justin Tubridy 0-0: Called Strike
0-1: Fly out, F6 (Popup, 6MD)
Batting: RHB Rich Crabtree 0-0: Ball
1-0: Called Strike
1-1: Foul Ball, location: 2F
1-2: Fly out, F5 (Popup, 5F)
Batting: RHB Tommy Davenport 0-0: Ground out 5-3 (Groundball, 56)
Bottom of the 1st over - 0 run(s), 0 hit(s), 0 error(s), 0 left on base; Masconomet HS 0 - Shelby HS 0
TOP OF THE 2ND
Masconomet HS Chieftans batting - Pitching for Shelby HS Rockets : RHP Matt Barlow
Batting: RHB Clancy Castro 0-0: Ball
1-0: Ball
2-0: Called Strike
2-1: Foul Ball, location: 2F
2-2: Ground out 1-3 (Groundball, 13S)
Batting: LHB Trent Andrews 0-0: Ground out 4-3 (Groundball, 34)
Batting: RHB Frank Music 0-0: Fly out, F7 (Flyball, 78M)
Top of the 2nd over - 0 run(s), 0 hit(s), 0 error(s), 0 left on base; Masconomet HS 0 - Shelby HS 0
BOTTOM OF THE 2ND
Shelby HS Rockets batting - Pitching for Masconomet HS Chieftans : LHP Clarence Gill
Batting: RHB Jake Erickson 0-0: Called Strike
0-1: Ground out 6-3 (Groundball, 6M)
Batting: RHB David Randall 0-0: Foul Ball, location: 2F
0-1: Ball
1-1: Ball
2-1: Foul Ball, location: 2F
2-2: Ball
3-2: Strikes out swinging
Batting: RHB Jorge Ortíz 0-0: Called Strike
0-1: Swinging Strike
0-2: Foul Ball, location: 2F
0-2: Ball
1-2: Foul Ball, location: 2F
1-2: Ball
2-2: Strikes out swinging
Bottom of the 2nd over - 0 run(s), 0 hit(s), 0 error(s), 0 left on base; Masconomet HS 0 - Shelby HS 0
TOP OF THE 3RD
Masconomet HS Chieftans batting - Pitching for Shelby HS Rockets : RHP Matt Barlow
Batting: RHB Brian Jackson 0-0: Called Strike
0-1: Ball
1-1: Ball
2-1: Ball
3-1: Ground out 5-3 (Groundball, 56)
Batting: RHB António Rojas 0-0: Ball
1-0: Ball
2-0: Ball
3-0: Called Strike
3-1: SINGLE (Groundball, 4D)
Batting: SHB Jim Orr 0-0: Ball
1-0: Foul Ball, location: 2F
1-1: Swinging Strike
1-2: Ball
2-2: Foul Ball, location: 2F
2-2: Strikes out swinging
Batting: RHB Ryan Beck 0-0: Ball
1-0: Swinging Strike
1-1: Ball
2-1: Foul Ball, location: 2F
2-2: Ball
3-2: Foul Ball, location: 2F
3-2: Fly out, F6 (Popup, 5DF)
Top of the 3rd over - 0 run(s), 1 hit(s), 0 error(s), 1 left on base; Masconomet HS 0 - Shelby HS 0
BOTTOM OF THE 3RD
Shelby HS Rockets batting - Pitching for Masconomet HS Chieftans : LHP Clarence Gill
Batting: RHB Don Jackson 0-0: Ball
1-0: Ball
2-0: Called Strike
2-1: Ground out 6-3 (Groundball, 6)
Batting: RHB John Pineau 0-0: Called Strike
0-1: SINGLE (Line Drive, 4)
Batting: LHB Bill Williams 0-0: Ball
1-0: Foul Ball, location: 2F
1-1: Called Strike
1-2: Strikes out swinging
Batting: LHB Justin Tubridy 0-0: SINGLE (Groundball, 4M)
John Pineau to second
Batting: RHB Rich Crabtree 0-0: Ball
1-0: Fielders Choice at 2nd, 6-4 (Groundball, 6)
Bottom of the 3rd over - 0 run(s), 2 hit(s), 0 error(s), 1 left on base; Masconomet HS 0 - Shelby HS 0
TOP OF THE 4TH
Masconomet HS Chieftans batting - Pitching for Shelby HS Rockets : RHP Matt Barlow
Batting: RHB Tyler Robinson 0-0: Called Strike
0-1: Ball
1-1: Ball
2-1: Foul Ball, location: 2F
2-2: Foul Ball, location: 2F
2-2: Ball
3-2: Base on Balls
Batting: LHB Aaron Atkins 0-0: Ball
Tyler Robinson steals 2nd base
1-0: Fly out, F7 (Flyball, 7M)
Batting: RHB Clancy Castro 0-0: Ball
1-0: Ball
2-0: Ground out 5-3 (Groundball, 56)
Batting: LHB Trent Andrews 0-0: Called Strike
0-1: Foul Ball, location: 2F
0-2: Strikes out looking
Top of the 4th over - 0 run(s), 0 hit(s), 0 error(s), 1 left on base; Masconomet HS 0 - Shelby HS 0
BOTTOM OF THE 4TH
Shelby HS Rockets batting - Pitching for Masconomet HS Chieftans : LHP Clarence Gill
Batting: RHB Tommy Davenport 0-0: Ball
1-0: Called Strike
1-1: Foul Ball, location: 2F
1-2: Ball
2-2: Ball
3-2: Foul Ball, location: 2F
3-2: SINGLE (Line Drive, 9LS)
Batting: RHB Jake Erickson 0-0: Ball
1-0: Called Strike
1-1: Called Strike
1-2: Foul Ball, location: 2F
1-2: Ball
2-2: Strikes out looking
Batting: RHB David Randall 0-0: Called Strike
0-1: Ball
1-1: Ball
2-1: Foul Ball, location: 2F
2-2: Ball
3-2: Strikes out swinging
Batting: RHB Jorge Ortíz 0-0: Called Strike
0-1: Ball
1-1: Called Strike
1-2: Ball
2-2: Ball
3-2: Strikes out swinging
Bottom of the 4th over - 0 run(s), 1 hit(s), 0 error(s), 1 left on base; Masconomet HS 0 - Shelby HS 0
TOP OF THE 5TH
Masconomet HS Chieftans batting - Pitching for Shelby HS Rockets : RHP Matt Barlow
Batting: RHB Frank Music 0-0: Foul Ball, location: 2F
0-1: Ball
1-1: Bunt missed!
1-2: Ball
2-2: SOLO HOME RUN (Line Drive, 7LD), Distance : 354 ft
Batting: RHB Brian Jackson 0-0: Ball
1-0: Ball
2-0: Fly out, F7 (Flyball, 7M)
Batting: RHB António Rojas 0-0: Called Strike
0-1: Foul Ball, location: 2F
0-2: Strikes out looking
Batting: SHB Jim Orr 0-0: Ball
1-0: Called Strike
1-1: Foul Ball, location: 2F
1-2: Strikes out looking
Top of the 5th over - 1 run(s), 1 hit(s), 0 error(s), 0 left on base; Masconomet HS 1 - Shelby HS 0
BOTTOM OF THE 5TH
Shelby HS Rockets batting - Pitching for Masconomet HS Chieftans : LHP Clarence Gill
Batting: RHB Don Jackson 0-0: Ground out 6-3 (Groundball, 6)
Batting: RHB John Pineau 0-0: Ground out 5-3 (Groundball, 5)
Batting: LHB Bill Williams 0-0: Called Strike
0-1: Ball
1-1: Swinging Strike
1-2: Ball
2-2: Foul Ball, location: 2F
2-2: Foul Ball, location: 2F
2-2: Ball
3-2: Foul Ball, location: 2F
3-2: Base on Balls
Batting: LHB Justin Tubridy 0-0: Ball
1-0: SINGLE (Flyball, 7S)
Bill Williams to second
Batting: RHB Rich Crabtree 0-0: Ball
1-0: Ball
2-0: Foul Ball, location: 2F
2-1: Called Strike
2-2: Strikes out swinging
Bottom of the 5th over - 0 run(s), 1 hit(s), 0 error(s), 2 left on base; Masconomet HS 1 - Shelby HS 0
TOP OF THE 6TH
Masconomet HS Chieftans batting - Pitching for Shelby HS Rockets : RHP Matt Barlow
Batting: RHB Ryan Beck 0-0: Ball
1-0: Foul Ball, location: 2F
1-1: Swinging Strike
1-2: Foul Ball, location: 2F
1-2: Strikes out swinging
Batting: RHB Tyler Robinson 0-0: Called Strike
0-1: Foul Ball, location: 2F
0-2: Ball
1-2: Fly out, F8 (Flyball, 8LM)
Batting: LHB Aaron Atkins 0-0: Called Strike
0-1: Ground out 1-3 (Groundball, 13S)
Top of the 6th over - 0 run(s), 0 hit(s), 0 error(s), 0 left on base; Masconomet HS 1 - Shelby HS 0
BOTTOM OF THE 6TH
Shelby HS Rockets batting - Pitching for Masconomet HS Chieftans : LHP Clarence Gill
Batting: RHB Tommy Davenport 0-0: Foul Ball, location: 2F
0-1: Swinging Strike
0-2: Foul Ball, location: 2F
0-2: Ball
1-2: Foul Ball, location: 2F
1-2: Ball
2-2: Ground out 1-3 (Groundball, 25)
Pitching: RHP Roy Wellon
Batting: RHB Jake Erickson 0-0: Fly out, F4 (Popup, 13)
Batting: RHB David Randall 0-0: Ball
1-0: Called Strike
1-1: Swinging Strike
1-2: Foul Ball, location: 2F
1-2: Ball
2-2: Foul Ball, location: 2F
2-2: Ball
3-2: Strikes out swinging
Bottom of the 6th over - 0 run(s), 0 hit(s), 0 error(s), 0 left on base; Masconomet HS 1 - Shelby HS 0
TOP OF THE 7TH
Masconomet HS Chieftans batting - Pitching for Shelby HS Rockets : RHP Matt Barlow
Pitching: RHP Loren Jackson
Batting: RHB Clancy Castro 0-0: Called Strike
0-1: Swinging Strike
0-2: Ball
1-2: Foul Ball, location: 2F
1-2: Ball
2-2: Fly out, F7 (Flyball, 7S)
Batting: LHB Trent Andrews 0-0: Ball
1-0: Foul Ball, location: 2F
1-1: Ball
2-1: Fly out, F7 (Flyball, 7D)
Batting: RHB Frank Music 0-0: Ground out 4-3 (Groundball, 4)
Top of the 7th over - 0 run(s), 0 hit(s), 0 error(s), 0 left on base; Masconomet HS 1 - Shelby HS 0
BOTTOM OF THE 7TH
Shelby HS Rockets batting - Pitching for Masconomet HS Chieftans : RHP Roy Wellon
Batting: RHB Jorge Ortíz 0-0: Ball
1-0: Ball
2-0: Fly out, F9 (Flyball, 9LMF)
Batting: RHB Don Jackson 0-0: Ground out 5-3 (Groundball, 5)
Batting: RHB John Pineau 0-0: Foul Ball, location: 2F
0-1: Foul Ball, location: 2F
0-2: Strikes out swinging
Bottom of the 7th over - 0 run(s), 0 hit(s), 0 error(s), 0 left on base; Masconomet HS 1 - Shelby HS 0
TOP OF THE 8TH
Masconomet HS Chieftans batting - Pitching for Shelby HS Rockets : RHP Loren Jackson
Batting: RHB Brian Jackson 0-0: Foul Ball, location: 2F
0-1: Called Strike
0-2: Ball
1-2: Strikes out looking
Batting: RHB António Rojas 0-0: Called Strike
0-1: Ball
1-1: Ground out 3-1 (Groundball, 34S)
Batting: SHB Jim Orr 0-0: SOLO HOME RUN (Flyball, 9LD), Distance : 360 ft
Batting: RHB Ryan Beck 0-0: Ball
1-0: Ball
2-0: Ball
3-0: Base on Balls
Batting: RHB Tyler Robinson 0-0: Swinging Strike
0-1: Ball
1-1: SINGLE (Flyball, 9LS)
Ryan Beck to second
Runner from 2nd tries for 3rd, SAFE, throw made to third
Batting: LHB Aaron Atkins 0-0: Ball
1-0: Called Strike
1-1: Called Strike
1-2: Strikes out swinging
Top of the 8th over - 1 run(s), 2 hit(s), 0 error(s), 2 left on base; Masconomet HS 2 - Shelby HS 0
BOTTOM OF THE 8TH
Shelby HS Rockets batting - Pitching for Masconomet HS Chieftans : RHP Roy Wellon
Batting: LHB Bill Williams 0-0: Called Strike
0-1: Ground out 5-3 (Groundball, 56)
Pitching: LHP Paco Oliva
Batting: LHB Justin Tubridy 0-0: Fly out, F3 (Popup, 23)
Batting: RHB Rich Crabtree 0-0: Ball
1-0: Called Strike
1-1: Ball
2-1: Ball
3-1: Fly out, F7 (Flyball, 7M)
Bottom of the 8th over - 0 run(s), 0 hit(s), 0 error(s), 0 left on base; Masconomet HS 2 - Shelby HS 0
TOP OF THE 9TH
Masconomet HS Chieftans batting - Pitching for Shelby HS Rockets : RHP Loren Jackson
Batting: RHB Clancy Castro 0-0: Ball
1-0: Called Strike
1-1: Called Strike
1-2: SOLO HOME RUN (Line Drive, 7D), Distance : 408 ft
Batting: LHB Trent Andrews 0-0: Ball
1-0: SINGLE (Groundball, 4M)
Batting: RHB Frank Music 0-0: Sac Bunt - play at second, runner OUT! 1-6
Pitching: RHP Stan Franco
Batting: RHB Brian Jackson 0-0: Ball
1-0: Ball
2-0: Foul Ball, location: 2F
2-1: Ball
3-1: Fielders Choice at 2nd, U6 (Groundball, 6M)
Batting: RHB António Rojas 0-0: Called Strike
0-1: Foul Ball, location: 2F
0-2: Ball
1-2: Strikes out swinging
Top of the 9th over - 1 run(s), 2 hit(s), 0 error(s), 1 left on base; Masconomet HS 3 - Shelby HS 0
BOTTOM OF THE 9TH
Shelby HS Rockets batting - Pitching for Masconomet HS Chieftans : LHP Paco Oliva
Pitching: RHP Jim Hickman
Batting: RHB Tommy Davenport 0-0: Called Strike
0-1: Ball
1-1: Ball
2-1: SOLO HOME RUN (Flyball, 9LD), Distance : 360 ft
Batting: RHB Jake Erickson 0-0: Ball
1-0: Called Strike
1-1: Ball
2-1: Ball
3-1: Base on Balls
Batting: RHB David Randall 0-0: Ball
1-0: Fielders Choice at 2nd, 3-6 (Groundball, 3)
Batting: RHB Jorge Ortíz 0-0: Ball
1-0: Called Strike
1-1: Ball
Wild Pitch!
David Randall to second
2-1: Swinging Strike
2-2: Ball
3-2: Strikes out swinging
Batting: RHB Don Jackson 0-0: Ball
1-0: Foul Ball, location: 2F
1-1: Fly out, F4 (Popup, 4)
Bottom of the 9th over - 1 run(s), 1 hit(s), 0 error(s), 1 left on base; Masconomet HS 3 - Shelby HS 1
This league is powered by Out of the Park Baseball, the baseball management simulation game for PC, Mac and Linux
Tuesday, August 2nd, 2016 - OOTP Baseball 16.8 Build 38